 Dungeon Crawl Stone Soup version 0.26.1-2-gb8aa6d0cf2 (webtiles) character file.

Game seed: 1658093643954372782

3525 hawla the Thaumaturge (level 9, 0/50 HPs)
             Began as a Deep Elf Conjurer on Feb 25, 2021.
             Was a Priest of Vehumet.
             Slain by an orc warrior
             ... wielding a +0 vorpal hand axe
              (5 damage)
             ... on level 8 of the Dungeon.
             The game lasted 00:26:03 (10130 turns).

hawla the Thaumaturge (Deep Elf Conjurer)          Turns: 10130, Time: 00:26:03

Health: 0/50       AC:  4    Str:  4    XL:     9   Next: 82%
Magic:  20/24      EV: 15    Int: 27    God:    Vehumet [***...]
Gold:   412        SH:  7    Dex: 13    Spells: 12/26 levels left

rFire    . . .     SeeInvis .   v - +2 dagger (venom)
rCold    . . .     Faith    .   q - +3 buckler
rNeg     . . .     Spirit   .   a - +0 robe
rPois    .         Reflect  .   (no helmet)
rElec    .         Harm     .   o - +0 cloak
rCorr    .         Rampage  .   (no gloves)
Will     .....                  b - +0 pair of boots
Stlth    ++........             e - amulet of the acrobat
HPRegen  0.16/turn              (no ring)
MPRegen  0.19/turn              (no ring)

@: no status effects
A: no striking features
a: Renounce Religion


You were on level 8 of the Dungeon.
You worshipped Vehumet.
Vehumet was most pleased with you.
You visited 2 branches of the dungeon, and saw 9 of its levels.

You collected 412 gold pieces.

Inventory:

Hand Weapons
 v - a +2 dagger of venom (weapon)
Missiles
 c - 7 poisoned darts
 g - 5 datura-tipped darts
 p - 2 silver boomerangs (quivered)
 s - 4 boomerangs
Armour
 a - a +0 robe (worn)
 b - a +0 pair of boots (worn)
 o - a +0 cloak (worn)
 q - a +3 buckler (worn)
Jewellery
 e - an amulet of the acrobat (around neck)
Wands
 h - a wand of iceblast (10)
 i - a wand of acid (12)
 l - a wand of digging (4)
 r - a wand of paralysis (4)
Scrolls
 f - 2 scrolls of amnesia
 n - 7 scrolls of teleportation
Potions
 d - a potion of brilliance {unknown}
 j - a potion of flight {unknown}
 k - 2 potions of berserk rage
 m - a potion of might {unknown}
 t - a potion of curing


   Skills:
 - Level 3.0 Fighting
 + Level 5.9 Staves
 - Level 6.0 Dodging
 - Level 3.0 Stealth
 - Level 3.0 Shields
 - Level 9.0 Spellcasting
 - Level 9.0 Conjurations
 - Level 4.0 Translocations
 - Level 1.0 Evocations


You had 12 spell levels left.
You knew the following spells:

 Your Spells              Type           Power        Failure   Level
a - Magic Dart            Conj           100%         1%          1
b - Searing Ray           Conj           100%         1%          2
c - Iskenderun's Mystic   Conj/Tloc      47%          1%          4
d - Conjure Flame         Conj/Fire      36%          1%          3
e - Olgreb's Toxic Radia  Pois           12%          13%         4

Your spell library contained the following spells:

 Spells                   Type           Power        Failure   Level
 Dazzling Flash           Conj/Hex       72%          1%          3
 Fulminant Prism          Conj/Hex       18%          2%          4
 Gell's Gravitas          Tloc           16%          3%          3
 Confusing Touch          Hex            12%          16%         3
 Yara's Violent Unravell  Hex/Tmut       6%           34%         5
 Petrify                  Tmut/Erth      12%          45%         4
 Metabolic Englaciation   Hex/Ice        6%           82%         5


Dungeon Overview and Level Annotations

Branches:
Dungeon (8/15)             Temple (1/1) D:5
   Lair: D:8-11

Altars:
Ashenzari
Cheibriados
Elyvilon
Fedhas
Gozag
Hepliaklqana
Kikubaaqudgha
Makhleb
Nemelex Xobeh
Okawaru
Qazlal
Ru
Sif Muna
Trog
Uskayaw
Vehumet
Wu Jian
Xom
Yredelemnul
Zin

Annotations:
D:4 can you dig it


Message History

The orc warrior is lightly wounded.
The orc warrior shouts!
There is a stone staircase leading up, spattered with blood here.
Items here: )) [ †.
Found 13 stones.
You see here a +0 ring mail.
You block the orc warrior's attack.
You see here a cursed +0 flail.
You hit the orc warrior but do no damage.
The orc warrior hits you with a +0 vorpal hand axe.
You closely miss the orc warrior.
The orc warrior hits you with a +0 vorpal hand axe.
The orc wizard shouts!
You hit the orc warrior but do no damage.
You hear an angry buzzing noise.
The orc warrior hits you with a +0 vorpal hand axe!
You hit the orc warrior but do no damage.
The orc warrior hits you with a +0 vorpal hand axe!!
* * * LOW HITPOINT WARNING * * *
You die...

*,*****,**,,,*,,,*,#.#.....##.#
*,*,,,*,*#.#.#...#,#.#..#####.#
*,*,*,*.##.#.....#.#.#..#,,,#.#
*,*,,,,..........#.#.#.##,,,#.#
*,**,,,,(........#......#,,,,,,
*,**,,*..,..:....###.#..#,,,,_,
*,**,,*##..#.o...# #.#..#,,,,,,
*,**,,,......o...# #.#..#,,,,,,
*,**,*###..###@[.# #.#..#*,,,,,
*,**,,,........)<###.#..####***
*,*****##..###..#...........,,,
**,**#####..#.##.######..###.***
*,,*,.........Z.........##*,,*
*,,*,*####...o[..........,,,,*
*,,*,* ##...##>#.#######*,,*
*,**,######...#....#.....,#..###
*,**,#....o..y#.#.......,,#.....


You could see an orc warrior and an orc wizard.

Vanquished Creatures
  Prince Ribbit (D:7)
  Menkaure (D:4)
  Duvessa (D:6)
  2 ice beasts
  3 orc warriors
  2 phantoms
  2 ogres
  2 centaurs (D:6)
  2 big kobolds
  2 water moccasin zombies (D:5)
  Dowan (D:6)
  A gnoll sergeant (D:5)
  3 scorpions
  A water moccasin skeleton (D:5)
  A killer bee (D:8)
  A wight (D:5)
  2 howler monkeys
  5 quasits
  3 orc priests
  2 jellies (D:5)
  5 hounds
  12 orc wizards
  A centaur skeleton (D:5)
  2 iguanas (D:7)
  4 worker ants
  3 hound zombies (D:5)
  A hound skeleton (D:8)
  A howler monkey skeleton (D:7)
  9 adders
  12 gnolls
  2 shadow imps
  A white imp (D:8)
  2 ufetubi
  3 oozes
  3 adder zombies
  A worm (D:5)
  3 dart slugs
  3 leopard geckos
  26 orcs
  2 ball pythons
  6 bats
  8 giant cockroaches
  7 goblins
  7 hobgoblins
  13 jackals
  2 quokkas
  4 frilled lizards
  A giant cockroach zombie (D:5)
  A jackal zombie (D:5)
  13 kobolds
  A leopard gecko skeleton (D:5)
  2 quokka skeletons
  A quokka zombie (D:5)
  2 rats
  A butterfly (D:5)
203 creatures vanquished.

Vanquished Creatures (others)
  11 plants (D:8)
  9 withered plants (D:5)
20 creatures vanquished.

Grand Total: 223 creatures vanquished

Notes
Turn   | Place    | Note
-------+----------+-------------------------------------------
     0 | D:1      | hawla the Deep Elf Conjurer began the quest for the Orb.
     0 | D:1      | Reached XP level 1. HP: 10/10 MP: 6/6
   284 | D:1      | Reached XP level 2. HP: 15/15 MP: 5/8
   287 | D:1      | Learned a level 2 spell: Searing Ray
  1064 | D:1      | Reached skill level 1 in Translocations
  1133 | D:2      | Reached XP level 3. HP: 12/20 MP: 6/9
  1498 | D:2      | Found a faded altar of an unknown god.
  1566 | D:2      | Reached skill level 1 in Fighting
  1618 | D:2      | Reached XP level 4. HP: 25/25 MP: 6/11
  1623 | D:2      | Learned a level 4 spell: Iskenderun's Mystic Blast
  2578 | D:3      | Found a broken altar of Ashenzari.
  2678 | D:3      | Found a radiant altar of Vehumet.
  2687 | D:3      | Became a worshipper of Vehumet
  3232 | D:3      | Reached skill level 5 in Conjurations
  3491 | D:3      | Reached XP level 5. HP: 26/29 MP: 8/13
  3544 | D:3      | Reached skill level 5 in Spellcasting
  4031 | D:3      | Found a glowing silver altar of Zin.
  4266 | D:4      | Reached XP level 6. HP: 33/34 MP: 10/16
  4325 | D:4      | Reached * piety under Vehumet
  4325 | D:4      | Offered knowledge of Sandblast by Vehumet.
  4528 | D:4      | Noticed Menkaure
  4536 | D:4      | Killed Menkaure
  4537 | D:4      | Reached XP level 7. HP: 5/38 MP: 13/18
  4890 | D:4      | Reached skill level 1 in Evocations
  5056 | D:4      | Reached skill level 1 in Staves
  5515 | D:5      | Entered Level 5 of the Dungeon
  5775 | D:5      | Found an ancient bone altar of Kikubaaqudgha.
  6073 | D:5      | Reached XP level 8. HP: 44/44 MP: 16/19
  6082 | D:5      | Reached skill level 5 in Dodging
  6087 | D:5      | Offered knowledge of Foxfire by Vehumet.
  6088 | D:5      | Found a staircase to the Ecumenical Temple.
  6101 | Temple   | Entered the Ecumenical Temple
  6772 | D:5      | Found an ornate altar of the Wu Jian Council.
  6869 | D:5      | Reached ** piety under Vehumet
  7525 | D:5      | Found a shimmering blue altar of Sif Muna.
  7525 | D:5      | Found a hide-covered altar of Uskayaw.
  7919 | D:6      | Reached skill level 1 in Shields
  7954 | D:6      | Reached XP level 9. HP: 49/49 MP: 14/23
  7954 | D:6      | Offered knowledge of Conjure Flame by Vehumet.
  7959 | D:6      | Learned a level 3 spell: Conjure Flame
  8196 | D:6      | Noticed Duvessa
  8200 | D:6      | Noticed Dowan
  8206 | D:6      | Killed Duvessa
  8208 | D:6      | Killed Dowan
  8716 | D:7      | Noticed Prince Ribbit
  9118 | D:7      | Reached *** piety under Vehumet
  9138 | D:7      | Killed Prince Ribbit
  9839 | D:8      | Offered knowledge of Olgreb's Toxic Radiance by Vehumet.
  9840 | D:8      | Reached skill level 5 in Staves
 10017 | D:7      | Learned a level 4 spell: Olgreb's Toxic Radiance
 10130 | D:8      | Slain by an orc warrior

Illustrated notes

Levels and vault maps discovered:
D:1:      amcnicky_arrival_double_pillar, layout_basic
D:2:      layout_basic, chequers_ecumenical_altar_simple_redux
D:3:      layout_rooms, marbit_many_paths, lemuel_doored_altar,
          nicolae_overflow_crystal_walls, serial_co_window_serial,
          co_window_corner_a, co_window_of_opportunity_a, co_window_corner_a,
          co_window_corner_a, co_window_of_opportunity_a, co_window_cross_1,
          co_window_cross_1, co_window_broadway_a, co_window_cross_2,
          co_window_cross_4, glass_columns_b, glass_columns_a, glass_columns_b
D:4:      cheibrodos_quashed, layout_basic, serial_rivers,
          chequers_serial_rivers_micro_b, chequers_serial_rivers_small_b,
          chequers_serial_rivers_micro_c, chequers_serial_rivers_micro_b,
          uniq_menkaure
D:5:      layout_basic, lemuel_round_altar, kennysheep_little_box,
          gammafunk_temple_overflow_statue, minmay_temple_entry_butterflies,
          serial_undead, serial_undead_e, serial_undead_e, serial_undead_b,
          serial_undead_e, nzn_random_ring
D:6:      layout_cave_pools, uniq_duvessa
D:7:      layout_rooms, uniq_prince_ribbit1
D:8:      layout_basic, fedhas_altar_decomposition
Temple:   nicolae_temple_figure_eight

Skill      XL: |  1  2  3  4  5  6  7  8  9 |
---------------+----------------------------+-----
Translocations | 1 2 4 |  4.0
Stealth        | 3 |  3.0
Dodging        | 3 4 5 6 |  6.0
Fighting       | 1 2 3 |  3.0
Spellcasting   | 4 5 6 8 9 |  9.0
Conjurations   | 5 7 8 9 |  9.0
Evocations     | 1 |  1.0
Staves         | 1 3 5 |  5.9
Shields        | 1 3 |  3.0

Action                   |  1- 3 |  4- 6 |  7- 9 || total
-------------------------+-------+-------+-------++-------
Melee: Unarmed           |     1 |       |       ||     1
       Short sword       |     3 |     6 |     9 ||    18
       Dagger            |       |       |    27 ||    27
 Cast: Magic Dart        |    22 |    11 |    43 ||    76
       Searing Ray       |    21 |    32 |    74 ||   127
       Iskenderun's Myst |       |     5 |    33 ||    38
       Conjure Flame     |       |       |     4 ||     4
Evoke: Wand              |       |       |     3 ||     3
  Use: Scroll            |     2 |     4 |     7 ||    13
       Potion            |     1 |     4 |       ||     5
 Stab: Sleeping          |       |       |     1 ||     1
       Distracted        |       |       |     1 ||     1
Armor: Robe              |     5 |     4 |    14 ||    23
Dodge: Dodged            |    25 |    20 |   100 ||   145
Block: Buckler           |       |       |    31 ||    31
